Map: Oxide LE

Players

Zoun - Winner!

  • Race: Protoss Protoss
  • League: Master

Has

  • Race: Protoss Protoss

Event: DreamHack SC2 Masters 2021 Fall

VOD

Have the link to the VOD?

Description

Time

  • Played on: Sept. 10, 2021, 12:05 p.m.
  • Length: 11:47

All games in this series

Show
View Real Time Build Order
Export as new Build Order

Zoun Protoss - Winner!

Build Orders: Chargelot Immortal 

Get SALT Encoding   

  12  0:00  Probe  
  13  0:12  Probe  
  14  0:17  Pylon  
  14  0:24  Probe (Chrono Boost)  
  15  0:36  Probe (Chrono Boost)  
  15  0:39  Gateway  
  16  0:44  Probe (Chrono Boost)  
  16  0:47  Assimilator  
  17  0:51  Probe  
  18  1:03  Probe (Chrono Boost)  
  19  1:04  Assimilator  
  19  1:06  Pylon  
  19  1:13  Probe (Chrono Boost)  
  19  1:18  Probe (Chrono Boost)  
  21  1:26  Cybernetics Core  
  21  1:31  Zealot  
  23  1:33  Probe  
  24  1:45  Probe  
  25  2:03  Nexus  
  25  2:06  Adept (Chrono Boost)  
  25  2:14  Warp Gate  
  27  2:16  Probe  
  28  2:24  Pylon  
  28  2:33  Stalker  
  30  2:44  Gateway  
  30  2:45  Probe  
  30  3:03  Probe  
  31  3:11  Shield Battery  
  31  3:15  Probe x2  
  31  3:22  Sentry  
  33  3:27  Probe (Chrono Boost)  
  33  3:28  Probe (Chrono Boost)  
  33  3:36  Twilight Council  
  33  3:38  Probe (Chrono Boost)  
  33  3:39  Shield Battery  
  33  3:40  Probe (Chrono Boost)  
  35  3:43  Probe (Chrono Boost)  
  35  3:45  Probe  
  37  3:52  Forge  
  37  3:53  Probe  
  38  4:00  Probe  
  38  4:02  Stalker x2  
  41  4:06  Probe  
  41  4:12  Probe  
  41  4:14  Blink (Chrono Boost)  
  42  4:18  Probe  
  42  4:24  Protoss Ground Weapons Level 1 (Chrono Boost), Robotics Facility  
  43  4:25  Probe  
  43  4:28  Sentry x2  
  48  4:34  Pylon  
  48  4:39  Probe  
  48  4:40  Probe  
  48  4:43  Assimilator  
  48  4:44  Phoenix  
  50  4:50  Pylon  
  50  4:51  Stalker  
  50  4:52  Stalker  
  54  4:55  Probe  
  54  4:58  Probe  
  56  5:05  Gateway  
  56  5:07  Gateway, Probe  
  56  5:12  Observer  
  56  5:13  Probe  
  59  5:16  Pylon  
  59  5:19  Probe  
  60  5:22  Stalker  
  60  5:23  Stalker  
  64  5:31  Probe x2  
  66  5:43  Immortal  
  70  5:57  Nexus  
  70  5:59  Pylon  
  70  6:03  Sentry, Stalker  
  70  6:04  Stalker  
  76  6:06  Pylon  
  74  6:18  Probe  
  74  6:22  Probe  
  74  6:23  Observer  
  74  6:30  Probe  
  75  6:36  Stalker x2  
  75  6:38  Photon Cannon  
  79  6:41  Stalker  
  79  6:46  Probe  
  79  6:47  Probe  
  83  6:48  Shield Battery  
  83  6:50  Protoss Ground Weapons Level 2 (Chrono Boost)  
  83  6:59  Probe x2 (Chrono Boost)  
  85  7:07  Charge  
  85  7:09  Gateway  
  85  7:10  Probe (Chrono Boost)  
  85  7:11  Probe x2 (Chrono Boost)  
  88  7:18  Gateway  
  88  7:19  Probe (Chrono Boost)  
  88  7:20  Probe x2 (Chrono Boost)  
  91  7:24  Probe (Chrono Boost)  
  91  7:25  Probe x2  
  94  7:36  Probe  
  95  7:37  Probe  
  95  7:44  Gateway  
  96  7:45  Gateway  
  96  7:48  Templar Archives  
  96  7:53  Assimilator  
  96  7:55  Warp Prism (Chrono Boost)  
  96  7:57  Assimilator  
  98  8:00  Gateway  
  98  8:01  Pylon  
  98  8:02  Pylon  
  98  8:06  Shield Battery  
  98  8:15  Zealot x5  
  108  8:26  Photon Cannon  
  108  8:28  Immortal (Chrono Boost)  
  112  8:38  High Templar x2  
  112  8:39  Zealot x4  
  124  8:43  Archon  
  124  8:49  Observer  
  124  8:51  Zealot  
  124  9:01  Pylon  
  124  9:03  Pylon  
  124  9:05  Immortal  
  124  9:19  Gateway  
  124  9:20  Gateway, Zealot x4  
  124  9:24  Zealot x4  
  108  9:40  Zealot x2  
  108  9:41  Zealot x2  
  108  9:43  Immortal (Chrono Boost)  
  108  9:44  Zealot x4  
  112  9:46  Observer  
  112  9:47  Observer  
  108  9:55  Observer  
  102  10:04  High Templar x4  
  102  10:06  High Templar x4  
  114  10:10  Archon x4  
  114  10:14  Zealot  
  114  10:18  Immortal  
  120  10:25  Nexus, Pylon  
  120  10:26  Observer  
  120  10:27  Stalker  
  122  10:35  Stalker  
  120  10:36  Stalker x4  
  120  10:39  Probe x2  
  128  10:44  Zealot x4  
  128  10:47  Shield Battery  
  136  11:01  Observer  
  137  11:07  High Templar x2, Zealot x3  
  137  11:08  Zealot  
  149  11:11  Pylon  
  149  11:12  Pylon, Archon  
  135  11:27  Zealot x4  
  125  11:34  Zealot x4  
  113  11:44  Zealot x2  
Show
View Real Time Build Order
Export as new Build Order

Has Protoss 

Build Orders: Oracle Opening 

Get SALT Encoding   

  12  0:00  Probe  
  13  0:12  Probe  
  14  0:17  Pylon  
  14  0:24  Probe (Chrono Boost)  
  15  0:28  Assimilator  
  15  0:36  Probe (Chrono Boost)  
  16  0:43  Gateway  
  16  0:46  Probe (Chrono Boost)  
  17  0:52  Assimilator  
  17  0:55  Probe (Chrono Boost)  
  18  1:03  Pylon  
  18  1:09  Probe (Chrono Boost)  
  19  1:17  Probe (Chrono Boost)  
  20  1:23  Probe  
  21  1:30  Cybernetics Core  
  23  1:35  Probe  
  22  1:55  Nexus  
  24  2:03  Probe  
  24  2:08  Adept (Chrono Boost)  
  25  2:15  Probe  
  26  2:19  Warp Gate  
  26  2:27  Probe  
  27  2:31  Stargate  
  27  2:39  Probe  
  28  2:51  Probe  
  28  2:57  Shield Battery  
  31  3:06  Probe  
  31  3:08  Probe  
  31  3:15  Oracle (Chrono Boost)  
  31  3:18  Probe  
  33  3:20  Probe  
  33  3:32  Probe (Chrono Boost)  
  33  3:34  Twilight Council, Probe (Chrono Boost)  
  33  3:39  Robotics Facility  
  33  3:41  Assimilator  
  33  3:43  Probe (Chrono Boost)  
  33  3:46  Assimilator, Probe (Chrono Boost)  
  33  3:48  Gateway, Probe (Chrono Boost)  
  35  3:54  Probe  
  37  3:58  Probe  
  38  4:06  Pylon  
  38  4:07  Probe  
  39  4:11  Probe  
  39  4:13  Blink  
  40  4:19  Probe  
  40  4:23  Probe  
  42  4:28  Warp Prism (Chrono Boost)  
  42  4:29  Dark Shrine  
  42  4:31  Probe  
  45  4:35  Probe  
  46  4:42  Gateway  
  47  4:46  Forge, Probe (Chrono Boost)  
  47  4:47  Probe (Chrono Boost)  
  48  4:53  Pylon  
  48  4:57  Probe (Chrono Boost)  
  48  4:59  Probe (Chrono Boost)  
  50  5:00  Observer (Chrono Boost)  
  50  5:02  Probe (Chrono Boost)  
  52  5:08  Pylon  
  52  5:11  Probe  
  53  5:16  Nexus  
  53  5:18  Protoss Ground Weapons Level 1 (Chrono Boost)  
  54  5:27  Stalker x2  
  57  5:29  Probe  
  57  5:30  Probe  
  59  5:38  Gateway  
  59  5:40  Gateway  
  59  5:45  Dark Templar  
  59  5:46  Probe x2  
  63  5:51  Dark Templar  
  62  5:58  Gateway, Probe x2  
  64  6:07  Gateway  
  64  6:10  Probe x2  
  62  6:20  Stalker x2  
  62  6:22  Probe  
  67  6:25  Stalker  
  67  6:31  Probe  
  69  6:36  Shield Battery  
  69  6:37  Stalker  
  69  6:38  Stalker  
  73  6:47  Stalker  
  73  6:48  Sentry  
  73  6:49  Sentry  
  73  6:52  Immortal (Chrono Boost)  
  73  6:54  Pylon  
  81  6:55  Stalker  
  83  7:03  Stalker  
  83  7:08  Pylon  
  85  7:10  Shield Battery  
  85  7:14  Stalker  
  85  7:15  Stalker x3  
  93  7:16  Protoss Ground Weapons Level 2 (Chrono Boost)  
  93  7:23  Pylon  
  93  7:26  Probe x3  
  96  7:34  Warp Prism (Chrono Boost)  
  96  7:36  Pylon  
  96  7:39  Stalker  
  96  7:43  Stalker x2  
  97  7:53  Probe x3  
  100  8:00  Stalker x3  
  100  8:02  Pylon  
  100  8:05  Probe  
  107  8:07  Probe  
  107  8:08  Probe  
  107  8:11  Pylon  
  109  8:13  Observer  
  109  8:17  Probe  
  111  8:30  Stalker x7  
  125  8:34  Pylon  
  123  8:53  Stalker  
  123  8:54  Pylon, Stalker x4  
  123  8:55  Zealot  
  135  8:56  Observer  
  135  9:09  Zealot  
  133  9:11  Probe  
  133  9:12  Pylon  
  133  9:14  Pylon  
  135  9:21  Stalker x4  
  135  9:22  Stalker x2  
  146  9:30  Warp Prism (Chrono Boost)  
  138  9:37  Probe  
  121  9:48  Stalker x6  
  121  9:52  Probe  
  118  9:57  Probe  
  118  9:59  Assimilator  
  113  10:01  Assimilator  
  109  10:19  Nexus  
  109  10:21  Pylon  
  109  10:26  Stalker x4  
  117  10:38  Stalker x3  
  123  10:48  Photon Cannon  
  123  10:50  Probe, Robotics Bay  
  123  10:51  Probe x2  
  123  10:53  Photon Cannon  
  124  11:03  Probe  
  123  11:05  Stalker x2  
  123  11:06  Stalker x4  
  123  11:08  Shield Battery  
  131  11:28  Zealot x3  
  131  11:29  Zealot x4  
  108  11:33  Probe  
  108  11:35  Probe  
  108  11:38  Stalker x3  
  108  11:39  Stalker x3  

Tags
 
Add a new tag
Caveats
  • Supply blocks, unpowered buildings, or Contaminate may cause inaccurate times.
  • Supply counts are checked every 10 seconds.